 Dungeon Crawl Stone Soup version 0.26.0-16-gc1dbca0489 (webtiles) character file.

Game seed: 6496131184819888310

105 howech the Bolt Thrower (level 4, -5/40 HPs)
             Began as a Deep Dwarf Hunter on Jan 20, 2021.
             Slain by a gnoll
             ... wielding a +0 whip
              (6 damage)
             ... on level 3 of the Dungeon.
             The game lasted 00:07:41 (2088 turns).

howech the Bolt Thrower (Deep Dwarf Hunter)         Turns: 2088, Time: 00:07:42

Health: -5/40      AC:  3    Str: 16    XL:     4   Next: 53%
Magic:  4/4        EV: 12    Int: 11    God:
Gold:   176        SH:  0    Dex: 14    Spells: 3/3 levels left

rFire    . . .     SeeInvis .   b - +0 short sword
rCold    . . .     Faith    .   (no shield)
rNeg     . . .     Spirit   .   c - +0 leather armour
rPois    .         Reflect  .   (no helmet)
rElec    .         Harm     .   (no cloak)
rCorr    .         Rampage  .   (no gloves)
Will     .....                  (no boots)
Stlth    ++........             (no amulet)
HPRegen  0.00/turn              (no ring)
MPRegen  0.09/turn              (no ring)

@: non-regenerating
A: damage resistance, heal wounds, sense surroundings 1, no regeneration
a: Heal Wounds


You were on level 3 of the Dungeon.
You visited 1 branch of the dungeon, and saw 3 of its levels.

You collected 176 gold pieces.

Inventory:

Hand Weapons
 a - a +1 hand crossbow
 b - a +0 short sword (weapon)
Missiles
 d - 7 bolts
 q - 6 poisoned darts (quivered)
Armour
 c - a +0 leather armour (worn)
Jewellery
 l - an uncursed amulet of regeneration {unknown}
 m - a cursed ring of attention {unknown}
 r - a cursed ring of teleportation {unknown}
Scrolls
 h - 2 scrolls of remove curse {unknown}
 i - 4 scrolls of teleportation {unknown}
 k - 2 scrolls of fear {unknown}
 n - a scroll of amnesia {unknown}
 o - 3 scrolls of identify {unknown}
 p - 2 scrolls of magic mapping {unknown}
 s - a scroll of enchant armour {unknown}
 t - a scroll of fog {unknown}
Potions
 e - a potion of berserk rage {unknown}
 f - a potion of invisibility {unknown}
 g - 2 potions of haste {unknown}
 j - a potion of brilliance {unknown}


   Skills:
 + Level 2.3 Fighting
 + Level 0.4 Short Blades
 + Level 5.9 Crossbows
 + Level 0.7 Armour
 + Level 2.5 Dodging
 + Level 1.3 Stealth


You had 3 spell levels left.
You didn't know any spells.
Your spell library was empty.

Dungeon Overview and Level Annotations

Branches:
Dungeon (3/15)

Altars:
Cheibriados

Annotations:
D:2 1 runed translucent door, Crazy Yiuf


Innate Abilities, Weirdness & Mutations

You are resistant to damage.
You can heal yourself by infusing magical energy.
You passively map a small area around you.
You do not regenerate.


Message History

Found a sedimented yellow potion.
Unknown command.
You hit the gnoll.
The gnoll is lightly wounded.
The gnoll completely misses you.
Unknown command.
You hit the gnoll but do no damage.
The gnoll is lightly wounded.
The gnoll hits you with a +0 whip.
* * * LOW HITPOINT WARNING * * *
You hit the gnoll.
The gnoll is moderately wounded.
The gnoll closely misses you.
You barely miss the gnoll.
The gnoll is moderately wounded.
The gnoll closely misses you.
You barely miss the gnoll.
The gnoll is moderately wounded.
The gnoll hits you with a +0 whip!
You die...

..##≈≈≈#≈#..# #..# * * *
....####....# #..# #.#
........)...####.# #.#
†###..........g..## #.#
..............##..# #!#
####..........###.## #.#
####).......[.# #.(# #.#
.........##.######.####.#########
.........##...gg@................
.........#########..#.....#######
........................[.......#
.....##############.#.....#####.#
.....# ##..##.##### #.# .....#
#...÷÷.....# #.# .....#
#.........)# #.# ._...#
#..........# #.# .....#
#..÷.......# #.#


You could see 2 gnolls.

Vanquished Creatures
  3 gnolls
  3 adders (D:3)
  An ooze (D:1)
  2 worms (D:2)
  A dart slug (D:1)
  2 leopard geckos
  An orc (D:3)
  3 giant cockroaches
  6 goblins
  A hobgoblin (D:1)
  A ball python (D:3)
  4 bats
  2 frilled lizards
  7 kobolds
  4 rats
41 creatures vanquished.

Notes
Turn   | Place    | Note
-------+----------+-------------------------------------------
     0 | D:1      | howech the Deep Dwarf Hunter began the quest for the Orb.
     0 | D:1      | Reached XP level 1. HP: 19/19 MP: 1/1
   323 | D:1      | Reached XP level 2. HP: 24/26 MP: 2/2
   390 | D:1      | Reached skill level 5 in Crossbows
   554 | D:1      | Reached XP level 3. HP: 30/32 MP: 3/3
  1205 | D:2      | Found a runed translucent door.
  1206 | D:2      | Noticed Crazy Yiuf
  1622 | D:3      | Found a snail-covered altar of Cheibriados.
  1627 | D:3      | Reached XP level 4. HP: 33/39 MP: 4/4
  2085 | D:3      | HP: 1/40 [gnoll/+0 whip (3)]
  2088 | D:3      | Slain by a gnoll

Illustrated notes

Levels and vault maps discovered:
D:1:      wander_arrival_desolate, layout_basic
D:2:      layout_loops_cross, uniq_crazy_yiuf_cottage
D:3:      layout_basic, cheibriados_altar_1, minivault_4

Skill      XL: |  1  2  3 |
---------------+----------+-----
Crossbows      | 5 |  5.9
Fighting       | 2 |  2.3
Short Blades   | |  0.4
Armour         | |  0.7
Dodging        | |  2.5
Stealth        | |  1.3

Action                   |  1- 3 |  4- 6 || total
-------------------------+-------+-------++-------
Melee: Short sword       |    19 |    25 ||    44
 Fire: Hand crossbow     |    83 |    13 ||    96
Throw: Dart              |       |     2 ||     2
Armor: Leather armour    |    15 |     8 ||    23
Dodge: Dodged            |    29 |    19 ||    48
